 Dungeon Crawl Stone Soup version 0.21.1-1-g345015f (webtiles) character file.

708198 Miyamura the Slayer (level 27, -10/237 HPs)
             Began as a Minotaur Wanderer on Feb 5, 2018.
             Was the Champion of Hepliaklqana.
             Killed from afar by an orb of fire (27 damage)
             ... with a fireball
             ... on level 5 of the Realm of Zot on Feb 6, 2018.
             The game lasted 03:07:58 (83613 turns).

Miyamura the Slayer (Minotaur Wanderer)            Turns: 83613, Time: 03:07:59

Health: -10/237    AC: 41    Str: 28    XL:     27
Magic:  34/34      EV: 32    Int: 14    God:    Hepliaklqana [******]
Gold:   2330       SH: 35    Dex: 23    Spells: 25/26 levels left

rFire    + . .     SeeInvis +   A - +8 whip "Snakebite" {curare, rPois}
rCold    + . .     Gourm    .   v - +8 large shield
rNeg     + + +     Faith    .   x - +8 chain mail of the Empire {rN+++ MR- rCorr Dex+4}
rPois    +         Spirit   .   X - +2 hat {Int+3}
rElec    +         Reflect  .   D - +2 cloak {rC+}
rCorr    +         Harm     .   Y - +2 pair of gloves {archery}
MR       +++..     Rnd*Rage +   O - +2 pair of boots {run} Stlth +.........Rnd*Tele +
                                T - amulet of Noigits {rElec Regen+ Dex-2 SInv}
HPRegen  0.89/turn              r - ring "Eroilos" {rElec MR++ Str+2 Dex+4 Slay-2} (curse)
MPRegen  0.24/turn              G - ring "Cumiarue" {rF+ EV+4 Str+2 Int+3 Stlth+}

@: about to teleport, berserk cooldown, slowed, very slow
A: retaliatory headbutt, reduced essence, horns 2, slimy green scales 1,
camouflage 1, berserk 1, blink, deterioration 1, electricity resistance,
teleportitis 1
}: 4/15 runes: decaying, serpentine, slimy, silver
a: Blink, Recall Ancestor, Ancestor Identity, Transference, Idealise, Renounce
Religion


You were on level 5 of the Realm of Zot.
You worshipped Hepliaklqana.
Hepliaklqana was exalted by your worship.
You were not hungry.

You visited 11 branches of the dungeon, and saw 55 of its levels.
You also visited: Labyrinth, Trove, Sewer, Ice Cave, Wizlab and Desolation.

You collected 6799 gold pieces.
You spent 4469 gold pieces at shops.

Inventory:

Hand Weapons
 A - the +8 whip "Snakebite" (weapon) {curare, rPois}
   (You found it on level 2 of the Lair of Beasts)

   It poisons the flesh of those it strikes.
   It protects you from poison.
 J - the +11 hand crossbow "Ogrebane" {penet, +Inv Str+4 Int-4}
   (You found it in a labyrinth)

   Ammo fired by it will pass through the targets it hits, potentially hitting
   all targets in its path until it reaches maximum range.
   It affects your strength (+4).
   It affects your intelligence (-4).
   It lets you turn invisible.
 Q - the +10 falchion of Piffor {freeze, rF+ Int+6}
   (You found it on level 6 of the Lair of Beasts)

   It has been specially enchanted to freeze those struck by it, causing extra
   injury to most foes and up to half again as much damage against particularly
   susceptible opponents.
   It can also slow down cold-blooded creatures.
   It affects your intelligence (+6).
   It protects you from fire.
Missiles
 c - 1753 bolts
Armour
 q - the +4 moon troll leather armour {Spirit, Regen++ MP+5}
   (You found it in the Desolation of Salt)

   It affects your magic capacity (+5).
   It increases your rate of regeneration.
 v - a +8 large shield (worn)
 x - the +8 chain mail of the Empire (worn) {rN+++ MR- rCorr Dex+4}
   (You took it off a deep elf high priest on level 3 of the Elven Halls)

   It affects your dexterity (+4).
   It renders you almost immune to negative energy.
   It affects your resistance to hostile enchantments.
   It protects you from acid and corrosion.
 D - a +2 cloak of cold resistance (worn)
 O - a +2 pair of boots of running (worn)
 X - a +2 hat of intelligence (worn)
 Y - a +2 pair of gloves of archery (worn)
Jewellery
 r - the cursed ring "Eroilos" (left hand) {rElec MR++ Str+2 Dex+4 Slay-2}
   (You found it on level 5 of the Pits of Slime)

   [ring of slaying]

   It affects your strength (+2).
   It affects your dexterity (+4).
   It affects your accuracy and damage with ranged weapons and melee attacks
   (-2).
   It insulates you from electricity.
   It affects your resistance to hostile enchantments.
   It has a curse placed upon it.
 G - the ring "Cumiarue" (right hand) {rF+ EV+4 Str+2 Int+3 Stlth+}
   (You found it in the Desolation of Salt)

   [ring of evasion]

   It affects your evasion (+4).
   It affects your strength (+2).
   It affects your intelligence (+3).
   It protects you from fire.
   It makes you more stealthy.
 I - the ring "Cimus" {rF+ rC+ Stlth-}
   (You found it in the Desolation of Salt)

   [ring of loudness]

   It protects you from fire.
   It protects you from cold.
   It makes you less stealthy.
 K - the ring of Traps {+Fly rN+ Dex+3}
   (You found it in a wizard's laboratory)

   [ring of flight]

   It affects your dexterity (+3).
   It protects you from negative energy.
   It lets you fly.
 T - the amulet of Noigits (around neck) {rElec Regen+ Dex-2 SInv}
   (You acquired it on level 2 of the Swamp)

   [amulet of regeneration]

   It affects your dexterity (-2).
   It insulates you from electricity.
   It lets you see invisible.
   It increases your rate of regeneration.
Wands
 a - a wand of digging (28)
 h - a wand of disintegration (5)
 m - a wand of iceblast (24)
 p - a wand of acid (22)
 z - a wand of polymorph (68)
 C - a wand of scattershot (6)
 R - a wand of paralysis (25)
Scrolls
 b - 3 scrolls of vulnerability
 e - 6 scrolls of identify
 g - a scroll of enchant weapon
 n - 4 scrolls of teleportation
 o - 13 scrolls of fog
 s - a scroll of holy word
 t - 31 scrolls of remove curse
 y - a scroll of silence
 E - 4 scrolls of immolation
 F - 4 scrolls of fear
 H - a scroll of enchant armour
 M - 4 scrolls of blinking
 N - 8 scrolls of magic mapping
 U - 7 scrolls of amnesia
Potions
 d - 2 potions of magic
 i - 2 potions of heal wounds
 j - 4 potions of ambrosia
 k - 7 potions of brilliance
 l - 7 potions of lignification
 u - 3 potions of invisibility
 w - 2 potions of mutation
 L - 4 potions of cancellation
 P - 5 potions of flight
 S - a potion of agility
 V - 12 potions of curing
Comestibles
 f - 85 rations
 B - a chunk of flesh


   Skills:
 - Level 24.4 Fighting
 - Level 11.2 Long Blades
   Level 1.2(14.6) Axes
 - Level 21.3 Maces & Flails
   Level 2.8 Bows
 - Level 11.4 Crossbows
 - Level 24.2 Armour
 - Level 22.5 Dodging
 - Level 1.0 Stealth
 - Level 24.1 Shields
 + Level 16.2 Invocations
 - Level 3.9 Evocations


You had 25 spell levels left.
You knew the following spells:

 Your Spells              Type           Power        Failure   Level  Hunger
A - Apportation           Tloc           #.....       58%         1    ##.....


Dungeon Overview and Level Annotations

Branches:
Dungeon (15/15)            Temple (1/1) D:6            Lair (6/6) D:11
  Swamp (4/4) Lair:4        Snake (4/4) Lair:2        Slime (5/5) Lair:6
    Orc (2/2) D:10            Elf (3/3) Orc:2        Vaults (5/5) D:14
  Crypt (0/3) Vaults:2     Depths (5/5) D:15            Zot (5/5) Depths:5

Altars:
Ashenzari
Cheibriados
Dithmenos
Elyvilon
Fedhas
Gozag
Hepliaklqana
Kikubaaqudgha
Makhleb
Nemelex Xobeh
Okawaru
Qazlal
Ru
Sif Muna
Trog
Uskayaw
Vehumet
Wu Jian
Xom
Yredelemnul
Zin
The Shining One
Beogh
Jiyva

Shops:
D:10 (   D:11 ?   Orc:2 **!*   Elf:3 *   Snake:2 ?   Depths:3 *(?   Depths:5 }[

Portals:
Hell: Depths:1 Depths:2 Depths:3 Depths:4 Depths:5
Abyss: Depths:1 Depths:4
Pandemonium: Depths:1 Depths:3 Depths:5
Ziggurat: Depths:4

Annotations:
D:14 Urug


Innate Abilities, Weirdness & Mutations

You reflexively headbutt those who attack you in melee.
You have a pair of horns on your head.
Your life essence is reduced to manifest your ancestor. (-10% HP)
You are partially covered in slimy green scales. (AC +2)
Your skin changes colour to match your surroundings (Stealth+).
You tend to lose your temper in combat.
You can translocate small distances at will.
Your body sometimes deteriorates upon taking damage.
You are resistant to electric shocks. (rElec)
You are occasionally teleported next to monsters.


Message History

The fireball explodes!
The fireball engulfs you! You resist.
The orb of fire glows bright magenta.
The bolt of fire hits you! You resist.
As you read the scroll of teleportation, it crumbles to dust.
You feel strangely unstable.
You feel the Orb delaying your translocation!
The Killer Klown blinks!
The orb of fire glows yellow.
The fireball explodes!
The fireball engulfs you! You resist.
You hear a chilling moan.
The orb of fire emits a lurid red light.
The bolt of fire hits you! You resist.
The orb of fire glows red.
The bolt of fire hits you! You resist.
You feel much better.
The orb of fire emits a lurid red light.
The fireball explodes!
The fireball engulfs you! You resist.
The orb of fire glows deep purple.
The fireball explodes!
The fireball engulfs you! You resist.
You die...

#.........).## #...........,,,,,
#.).........# #...........,,,,,
#...........## #.....^.....,,,,,
...........).# #...........,,,,,
............)## #.).........,,,,,
..........^...###...........,,,,,
.###########.))###...p......,,,,,
#* ##....##)........,,,,, *
###.@*X.........,,,,,
#▓▓▓▓▓▓▓▓▓#▓##,,,,,
****,,,,,,,,,,,,,,
***,,,,,,,,,,,,,,,,, *
**,,,,,,,,,,,,,,,,,,, * *********
*,,,,,,,,,,,,,,,,,,,,
***,,,,,,,***,,,,,,,,,,,,,,,,,,,,
**,,,,,,,,,**,,,,,,,,,,,,,,,,,,,,
*,,,,,,,,,,,*,,,,,,,,,,,,,,,,,,,,


You could see an orb of fire, a Killer Klown and an Orb Guardian.

Vanquished Creatures
  the Royal Jelly (Slime:5)
  3 ancient liches
  3 orbs of fire
  A juggernaut (Depths:5)
  2 greater mummies (Depths:4)
  The ghost of theElss the Conqueror, a master GrBe of Trog (Vaults:5)
  4 curse toes
  2 caustic shrikes (Depths:5)
  A Killer Klown (Zot:5)
  13 golden dragons
  2 electric golems (Zot:5)
  2 bone dragons (Depths:5)
  Rupert (Lair:3)
  19 tentacled monstrosities
  10 Orb Guardians (Zot:5)
  4 liches
  A Cloud Mage (WizLab)
  A titan (Vaults:5)
  7 quicksilver dragons
  2 deep elf master archers (Elf:3)
  27 acid blobs
  2 deep elf blademasters (Elf:3)
  5 death cobs
  3 sphinxes
  7 shadow dragons
  The ghost of inmateoo the Cruncher, an adept GnWn of Gozag (Lair:6)
  7 tengu reavers
  10 storm dragons
  17 azure jellies
  6 nagarajas
  10 frost giants
  5 draconian monks
  An imperial myrmidon (Desolation)
  9 fire giants
  7 draconian scorchers
  An iron dragon (Depths:5)
  2 draconian knights (Zot:3)
  13 vault wardens
  An orc warlord (Orc:2)
  A balrug (Depths:1)
  5 draconian shifters
  3 deep elf sorcerers
  4 ghost moths (Zot:4)
  3 deep elf elementalists
  9 draconian annihilators
  7 draconian stormcallers
  3 war gargoyles
  Aizul (Swamp:2)
  2 entropy weavers
  12 stone giants
  23 very ugly things
  6 ironheart preservers
  A vampire knight (Depths:2)
  6 deep elf demonologists
  The ghost of Zleub the Fighter, a journeyman DrSk of Qazlal (Orc:2)
  7 green draconians
  A halazid warlock (Desolation)
  11 black draconians
  7 purple draconians
  11 red draconians
  7 white draconians
  10 spark wasps
  3 yellow draconians
  6 deep elf annihilators
  9 deep elf death magi
  4 blizzard demons
  14 ettins
  3 crystal guardians (Desolation)
  12 yaktaur captains
  21 death oozes
  5 mummy priests (Depths:4)
  A minotaur (Lab)
  Josephine (Lair:6)
  14 ogre magi
  8 fire dragons
  10 ragged hierophants (Desolation)
  6 deep elf high priests
  5 servants of whispers (Desolation)
  17 hydras
  7 ice dragons
  31 vault guards
  6 peacekeepers
  A small abomination (Vaults:5)
  6 rakshasas
  23 naga warriors
  10 great orbs of eyes
  4 spriggan air magi
  8 ghost crabs
  A two-headed ogre (shapeshifter) (Depths:4)
  10 anacondas
  3 death knights
  32 two-headed ogres
  An anaconda (shapeshifter) (Depths:3)
  12 centaur warriors
  4 alligators
  4 death yaks (Lair:6)
  13 tengu warriors
  8 deep troll earth magi
  19 dancing weapons
  2 vampire magi
  The ghost of PipsiMox the Magician, a novice GnWr of Ru (Orc:2)
  The ghost of Ratty the Markscentaur, a novice CeHu of Okawaru (D:9)
  8 deep troll shamans
  3 shock serpents
  6 naga sharpshooters
  A shock serpent (shapeshifter) (Depths:4)
  4 spriggan berserkers
  5 orc high priests (Orc:2)
  A sun demon (Depths:1)
  15 deep elf knights
  A fire crab (WizLab)
  A soul eater (Depths:1)
  A titan zombie (Depths:2)
  A shadow wraith (Vaults:4)
  2 salamander mystics
  3 iron trolls
  A sixfirhy (Depths:5)
  3 skeletal warriors
  2 death drakes (WizLab)
  21 deep trolls
  A golden dragon zombie (Depths:3)
  2 unseen horrors
  4 flayed ghosts
  An infernal demonspawn (Depths:5)
  9 swamp dragons
  An orange crystal statue (Depths:3)
  13 deep elf archers
  2 glowing orange brains
  An unseen horror (shapeshifter) (Vaults:1)
  11 ironbrand convokers
  A shambling mangrove (Swamp:4)
  A golden dragon skeleton (Depths:2)
  4 wizards
  The ghost of Quirk the Shield-Bearer, a novice GnFi of Ashenzari (D:6)
  7 spriggan druids
  8 naga ritualists
  13 harpies
  15 orc knights
  59 deep elf magi
  5 phantasmal warriors
  4 wolf spiders
  6 necromancers
  9 mana vipers
  6 cyclopes
  10 orc sorcerers
  A sphinx skeleton (Depths:2)
  An oklob plant (Lair:1)
  5 salamanders
  A stone giant zombie (Vaults:2)
  A frost giant zombie (Vaults:1)
  4 manticores
  4 shining eyes
  38 ugly things
  An ice statue (IceCv)
  8 apocalypse crabs
  4 guardian serpents
  Joseph (D:10)
  37 black mambas
  3 molten gargoyles (Desolation)
  19 moths of wrath
  3 eyes of devastation
  14 naga magi
  A stone giant skeleton (Vaults:2)
  A gargoyle (D:12)
  11 spiny frogs
  5 vault sentinels
  6 centaur skeletons
  2 efreet
  5 komodo dragons
  A spark wasp simulacrum (Depths:2)
  3 rime drakes (shapeshifter)
  A komodo dragon (shapeshifter) (D:13)
  A hellwing (Depths:1)
  A tormentor (Depths:5)
  41 yaktaurs
  10 freezing wraiths
  3 guardian mummies (Depths:4)
  9 rime drakes
  6 ice devils (IceCv)
  6 anaconda simulacra (IceCv)
  2 golden dragon simulacra
  A yaktaur skeleton (Vaults:2)
  A red devil (Depths:1)
  A tengu conjurer (Depths:1)
  2 tyrant leeches
  5 trolls
  9 hornets
  A polar bear (shapeshifter) (Vaults:1)
  2 wind drakes (WizLab)
  5 bog bodies
  13 blink frogs
  A sphinx simulacrum (Depths:3)
  58 saltlings (Desolation)
  The ghost of bmj180 the Shield-Bearer, an amateur HaFi (D:4)
  A hippogriff (shapeshifter) (Elf:1)
  106 slime creatures
  5 hippogriffs
  11 redbacks
  Sigmund (D:5)
  6 dream sheep (Lair:6)
  3 shadows
  2 dire elephant simulacra (IceCv)
  5 vampires
  3 spriggans
  15 wyverns
  10 water elementals
  A hog (shapeshifter) (Vaults:5)
  3 yaks (shapeshifter)
  40 yaks
  18 air elementals
  5 wraiths
  A ynoxinul (Depths:5)
  3 fire elementals
  A human (shapeshifter) (Depths:4)
  An elf zombie (Vaults:1)
  A golden eye (Slime:5)
  A human simulacrum (Vaults:3)
  2 basilisks
  A tarantella (shapeshifter) (Vaults:3)
  11 humans
  5 hungry ghosts
  9 steam dragons
  16 vampire mosquitoes
  2 harpy simulacra (IceCv)
  7 wargs
  4 acid dragons
  21 swamp worms
  8 insubstantial wisps
  55 nagas
  A soldier ant (D:12)
  3 floating eyes
  3 hydra simulacra (IceCv)
  23 water moccasins
  6 porcupines
  62 orc warriors
  An orc zombie (Vaults:2)
  5 hexers
  5 swamp drakes
  A sky beast (D:7)
  An ettin simulacrum (IceCv)
  An ice beast (D:9)
  A black bear (D:7)
  24 ogres
  A phantom (D:8)
  An eye of draining (shapeshifter) (Elf:1)
  28 wolves
  4 eyes of draining (Slime:4)
  10 boggarts
  2 necrophages (D:9)
  22 centaurs
  19 crocodiles
  5 big kobolds
  A human zombie (Vaults:1)
  7 bullfrogs
  2 earth elementals
  3 scorpions
  15 killer bees
  4 electric eels
  3 wights (D:9)
  2 howler monkeys
  A centaur zombie (D:8)
  6 bullfrog zombies
  7 crimson imps
  3 quasits (Depths:1)
  A yaktaur simulacrum (Vaults:1)
  2 draconian simulacra (IceCv)
  2 jellies
  23 orc wizards
  35 orc priests
  3 bullfrog skeletons
  2 hounds
  6 iguanas
  A troll simulacrum (IceCv)
  5 worker ants
  A wolf simulacrum (IceCv)
  An ogre skeleton (Lab)
  A hound zombie (D:9)
  2 hound skeletons
  3 mummies (D:9)
  14 gnolls
  14 adders
  A naga simulacrum (IceCv)
  An ogre simulacrum (IceCv)
  4 shadow imps
  6 white imps (IceCv)
  5 ufetubi (IceCv)
  3 oozes
  2 adder zombies (D:9)
  An adder skeleton (D:5)
  5 worms
  3 dart slugs
  4 leopard geckos
  120 orcs
  4 giant cockroaches
  9 goblins
  4 hobgoblins
  2 jackals (D:6)
  19 kobolds
  4 quokkas
  2 ball pythons
  7 bats
  10 frilled lizards
  10 rats
  3 crawling corpses (Elf:1)
  4 fungi
  A plant (Lair:2)
2351 creatures vanquished.

Vanquished Creatures (collateral kills)
  A caustic shrike (Depths:5)
  A golden dragon (Zot:3)
  Saint Roka (Elf:2)
  Jorgrun (Swamp:2)
  A lich (Depths:4)
  3 tentacled monstrosities
  A titan (Vaults:5)
  8 acid blobs
  2 quicksilver dragons
  A sphinx (Vaults:5)
  A death cob (Zot:3)
  A storm dragon (Zot:4)
  A nagaraja (Snake:4)
  2 fire giants
  5 azure jellies
  A frost giant (Depths:5)
  Louise (Depths:1)
  A ghost moth (Zot:5)
  A vault warden (Vaults:5)
  4 draconian scorchers
  An imperial myrmidon (Desolation)
  A draconian stormcaller (Zot:2)
  A draconian shifter (Zot:2)
  A very ugly thing (Depths:5)
  3 stone giants
  A deep elf demonologist (Elf:1)
  6 purple draconians
  A deep elf annihilator (Elf:3)
  A green draconian (Zot:5)
  A yellow draconian (Zot:1)
  2 black draconians
  An ettin (Vaults:5)
  A death ooze (Slime:5)
  A merfolk javelineer (Depths:4)
  4 ragged hierophants (Desolation)
  A deep elf high priest (Elf:3)
  2 fire dragons
  A great orb of eyes (Depths:2)
  5 yaktaur captains
  A servant of whispers (Desolation)
  A vault guard (Vaults:2)
  2 ice dragons
  2 hydras
  A peacekeeper (Desolation)
  2 anacondas
  A death knight (Vaults:4)
  A ghost crab (WizLab)
  7 two-headed ogres
  A deep troll earth mage (Depths:4)
  9 dancing weapons
  2 alligators
  A tengu warrior (Depths:1)
  An orc high priest (Orc:2)
  4 deep elf knights
  A naga sharpshooter (Snake:1)
  A skeletal warrior (Vaults:1)
  A flayed ghost (Depths:3)
  A fire crab (WizLab)
  An unseen horror (D:14)
  4 deep trolls
  The ghost of inmateoo the Slasher, a novice GnWn of Ru (D:8)
  3 swamp dragons
  2 deep elf archers
  6 deep elf magi
  A harpy (Vaults:2)
  2 ironbrand convokers (Desolation)
  A mana viper (Snake:2)
  6 ugly things
  A shining eye (Slime:4)
  A salamander (Snake:2)
  An orc sorcerer (Vaults:1)
  2 cyclopes
  2 moths of wrath
  3 vault sentinels
  4 black mambas
  3 spiny frogs (Lair:6)
  2 naga magi (Snake:4)
  An eye of devastation (Slime:5)
  A gargoyle (D:10)
  3 rime drakes
  A small abomination (Elf:1)
  A komodo dragon (shapeshifter) (Depths:4)
  3 yaktaurs
  A komodo dragon (Lair:6)
  A wind drake (WizLab)
  A troll (D:14)
  2 bog bodies
  7 saltlings (Desolation)
  19 slime creatures
  3 blink frogs
  A shadow (Swamp:1)
  3 air elementals
  3 redbacks
  A fire elemental (Elf:3)
  3 wyverns
  6 yaks
  2 water elementals
  A vampire (Vaults:2)
  4 humans
  A neqoxec (Depths:5)
  2 vampire mosquitoes
  A basilisk (Lair:3)
  3 steam dragons (Lair:5)
  A hungry ghost (D:11)
  A warg (Orc:1)
  16 nagas
  4 swamp worms
  2 insubstantial wisps (Swamp:3)
  An acid dragon (Lair:6)
  3 water moccasins
  5 swamp drakes
  4 orc warriors
  2 eyes of draining (Slime:5)
  2 necrophages
  3 ogres
  4 wolves
  2 boggarts (Depths:2)
  A centaur (D:11)
  4 crocodiles
  A big kobold (D:9)
  2 bullfrogs
  An earth elemental (Elf:2)
  A water moccasin zombie (D:9)
  2 wyvern skeletons (D:13)
  A killer bee (D:13)
  2 crimson imps
  A centaur zombie (D:8)
  2 orc priests
  A bullfrog skeleton (D:8)
  A jelly (D:15)
  An iron imp (Depths:1)
  An iguana (Lair:6)
  3 orc wizards
  A troll simulacrum (IceCv)
  An ogre skeleton (Lab)
  A hound zombie (D:9)
  A mummy (Depths:4)
  An adder (Lair:2)
  A white imp (IceCv)
  An ufetubus (Depths:1)
  27 orcs
  A giant cockroach (D:7)
  4 kobolds
  A leopard gecko zombie (D:8)
  A crawling corpse (Vaults:5)
  4 fungi
  2 plants
356 creatures vanquished.

Vanquished Creatures (others)
  A golden dragon (Depths:5)
  A quicksilver dragon (Zot:3)
  A storm dragon (Depths:4)
  A spark wasp (WizLab)
  3 blizzard demons
  An ogre mage (Depths:2)
  2 fire dragons
  A centaur warrior (D:14)
  A ghost crab (WizLab)
  A spriggan air mage (WizLab)
  An alligator (Swamp:1)
  A deep troll earth mage (Depths:5)
  A dancing weapon (Elf:2)
  A spriggan druid (Swamp:2)
  A flayed ghost (Depths:5)
  A deep elf mage (Elf:2)
  An ugly thing (IceCv)
  A moth of wrath (Zot:5)
  A yaktaur (Depths:5)
  A tyrant leech (Swamp:2)
  2 slime creatures
  A redback (Vaults:1)
  2 nagas (Snake:4)
  An orc warrior (Orc:2)
  2 centaurs
  2 ogres
  73 hexers
  An orc wizard (Elf:1)
  A shadow imp (D:13)
  2 white imps (IceCv)
  An ufetubus (IceCv)
  A ball lightning (Zot:4)
  4 orcs
  26 fungi
  30 plants
172 creatures vanquished.

Grand Total: 2879 creatures vanquished

Notes
Turn   | Place    | Note
-------+----------+-------------------------------------------
     0 | D:1      | Miyamura the Minotaur Wanderer began the quest for the Orb.
     0 | D:1      | Miyamura set off with: a +2 scale mail, a potion of lignification, a +0 shortbow, 23 arrows, a ration
     0 | D:1      | Reached XP level 1. HP: 18/18 MP: 0/0
    89 | D:1      | Reached XP level 2. HP: 25/25 MP: 1/1
   257 | D:1      | Reached skill level 1 in Dodging
   466 | D:1      | Reached XP level 3. HP: 31/31 MP: 2/2
   921 | D:2      | Found a bloodstained altar of Trog.
   971 | D:2      | Found a shadowy altar of Dithmenos.
  1431 | D:2      | Reached XP level 4. HP: 38/38 MP: 3/3
  1557 | D:2      | Reached skill level 1 in Maces & Flails
  2384 | D:3      | Found a blossoming altar of Fedhas.
  2392 | D:3      | Found a transporter.
  2777 | D:3      | Reached XP level 5. HP: 29/45 MP: 4/4
  3102 | D:3      | Found a transporter.
  3400 | D:3      | Found a white marble altar of Elyvilon.
  3686 | D:4      | Noticed bmj180's ghost (amateur HaFi)
  3727 | D:4      | Killed bmj180's ghost
  3727 | D:4      | Reached skill level 5 in Armour
  3727 | D:4      | Reached XP level 6. HP: 20/53 MP: 5/5
  4487 | D:4      | Reached XP level 7. HP: 58/60 MP: 6/6
  4543 | D:4      | Found a basalt altar of Yredelemnul.
  4967 | D:5      | Entered Level 5 of the Dungeon
  5086 | D:5      | Reached skill level 5 in Fighting
  5453 | D:4      | Reached XP level 8. HP: 8/69 MP: 7/7
  5842 | D:5      | Noticed Sigmund
  5857 | D:5      | Killed Sigmund
  5857 | D:5      | Reached skill level 5 in Shields
  6466 | D:6      | Reached skill level 5 in Maces & Flails
  6508 | D:6      | Noticed Quirk's ghost (novice GnFi)
  6631 | D:6      | Reached skill level 5 in Dodging
  6740 | D:6      | Found a staircase to the Ecumenical Temple.
  6750 | Temple   | Entered the Ecumenical Temple
  6865 | Temple   | Became a worshipper of Hepliaklqana the Forgotten
  6902 | D:6      | Killed Quirk's ghost
  6902 | D:6      | Reached XP level 9. HP: 54/70 MP: 8/8
  7030 | D:6      | Found a glowing drain.
  7034 | Sewer    | Entered a sewer
  7597 | D:7      | Found a glowing golden altar of the Shining One.
  8581 | D:8      | Noticed inmateoo's ghost (novice GnWn)
  8600 | D:8      | Killed inmateoo's ghost
  8660 | D:8      | Found a snail-covered altar of Cheibriados.
  8714 | D:8      | Reached XP level 10. HP: 79/79 MP: 9/9
  8854 | D:8      | Found a radiant altar of Vehumet.
  8854 | D:8      | Found a shimmering altar of Xom.
  9160 | D:9      | Reached * piety under Hepliaklqana
  9168 | D:9      | Noticed Ratty's ghost (novice CeHu)
  9178 | D:9      | Killed Ratty's ghost
  9451 | D:9      | Gained mutation: Your body sometimes deteriorates upon taking damage. [potion of mutation]
  9451 | D:9      | Gained mutation: Your movements are slightly less encumbered by armour. (ER -2) [potion of mutation]
  9451 | D:9      | Gained mutation: You are partially covered in thin metallic scales. (AC +2) [potion of mutation]
  9451 | D:9      | Gained mutation: You possess an exceptional clarity of mind. [potion of mutation]
 10280 | D:10     | Entered Level 10 of the Dungeon
 10280 | D:10     | Found Nesk's Antique Weapon Emporium.
 10322 | D:10     | Bought a twisted long sword for 289 gold pieces
 10322 | D:10     | Identified the +6 long sword of the Saviour {slice, Str-3 Dex+5} (You bought it in a shop on level 10 of the Dungeon)
 10474 | D:10     | Reached skill level 1 in Long Blades
 10660 | D:10     | Found a staircase to the Orcish Mines.
 11087 | D:10     | Noticed Joseph
 11101 | D:10     | Paralysed by Joseph for 4 turns
 11105 | D:10     | Killed Joseph
 11575 | D:10     | Noticed a gargoyle
 11592 | D:10     | Killed a gargoyle
 11592 | D:10     | Reached XP level 11. HP: 45/87 MP: 3/10
 12030 | D:11     | Reached ** piety under Hepliaklqana
 12031 | D:11     | Remembered your ancestor Manelesi as a hexer
 12079 | D:11     | Found a staircase to the Lair.
 12210 | D:11     | Reached skill level 10 in Armour
 12508 | D:11     | Found a portal to a secret trove of treasure.
 12591 | D:11     | Found Ysues's Magic Scroll Shoppe.
 12594 | D:11     | Bought a scroll of blinking for 112 gold pieces
 12594 | D:11     | Bought a scroll of identify for 30 gold pieces
 12594 | D:11     | Bought a scroll of teleportation for 45 gold pieces
 12594 | D:11     | Bought a scroll of teleportation for 45 gold pieces
 12594 | D:11     | Bought a scroll of identify for 30 gold pieces
 12641 | D:11     | Noticed a six-headed hydra
 12655 | D:11     | Killed a six-headed hydra
 12655 | D:11     | Reached skill level 10 in Fighting
 12656 | D:11     | Noticed a green ugly thing
 12670 | D:11     | Killed a green ugly thing
 13379 | Lair:1   | Entered Level 1 of the Lair of Beasts
 13502 | Lair:1   | Reached *** piety under Hepliaklqana
 13561 | Lair:1   | Reached skill level 5 in Long Blades
 13561 | Lair:1   | Reached skill level 10 in Shields
 13675 | Lair:1   | Identified a scroll of acquirement
 13687 | Lair:1   | Identified a +0 pair of boots of running (You acquired it on level 1 of the Lair of Beasts)
 13708 | Lair:1   | Found a labyrinth entrance.
 13720 | Lab      | Entered a labyrinth
 15235 | Lab      | Reached **** piety under Hepliaklqana
 15254 | Lab      | Noticed a minotaur
 15272 | Lab      | Killed a minotaur
 15406 | Lab      | Got a brightly glowing hand crossbow
 15407 | Lab      | Identified the +11 hand crossbow "Ogrebane" {penet, +Inv Str+4 Int-4} (You found it in a labyrinth)
 16022 | Lair:1   | Noticed an oklob plant
 16026 | Lair:1   | Killed an oklob plant
 16026 | Lair:1   | Reached skill level 1 in Crossbows
 16382 | Lair:1   | Reached XP level 12. HP: 97/97 MP: 11/11
 17178 | Lair:2   | Found a staircase to the Snake Pit.
 17387 | Lair:1   | Lost mutation: You possess an exceptional clarity of mind. [potion of mutation]
 17387 | Lair:1   | Lost mutation: Your body sometimes deteriorates upon taking damage. [potion of mutation]
 17387 | Lair:1   | Gained mutation: Your flesh is heat resistant. (rF+) [potion of mutation]
 17387 | Lair:1   | Gained mutation: You are dopey. (Int -2) [potion of mutation]
 17387 | Lair:1   | Gained mutation: You have an increased reservoir of magic. (+10% MP) [potion of mutation]
 17685 | Lair:2   | Reached skill level 10 in Dodging
 17937 | Lair:2   | Reached skill level 5 in Crossbows
 18010 | Lair:2   | Found the +8 whip "Snakebite" {curare, rPois}
 18577 | Lair:2   | You fall through a shaft!
 18745 | Lair:3   | Noticed an eight-headed hydra
 18751 | Lair:3   | Killed an eight-headed hydra
 18902 | Lair:3   | Noticed a seven-headed hydra
 18910 | Lair:3   | Killed a seven-headed hydra
 18968 | Lair:3   | Reached ***** piety under Hepliaklqana
 19174 | Lair:3   | Noticed Rupert
 19235 | Lair:3   | Killed Rupert
 19235 | Lair:3   | Reached XP level 13. HP: 42/105 MP: 13/13
 20440 | Lair:4   | Found a staircase to the Swamp.
 21285 | Lair:5   | Noticed a fire dragon
 21310 | Lair:5   | Killed a fire dragon
 22127 | Lair:6   | Entered Level 6 of the Lair of Beasts
 22135 | Lair:6   | Noticed inmateoo's ghost (adept GnWn)
 22182 | Lair:6   | Killed inmateoo's ghost
 22387 | Lair:6   | Reached XP level 14. HP: 114/114 MP: 14/14
 22499 | Lair:6   | Found a shadowy altar of Dithmenos.
 22549 | Lair:6   | Reached skill level 10 in Crossbows
 22575 | Lair:6   | Found a staircase to the Slime Pits.
 22576 | Lair:6   | Found a viscous altar of Jiyva.
 22578 | Lair:6   | Noticed Josephine
 22709 | Lair:6   | Killed Josephine
 23680 | Lair:6   | Reached ****** piety under Hepliaklqana
 23987 | Lair:6   | Found the +27 Lear's hauberk
 23988 | Lair:6   | Got a sparkling pewter ring
 24020 | Lair:6   | Identified the ring "Merutt" {+Inv Str+4 Dex-4 SInv} (You acquired it on level 6 of the Lair of Beasts)
 24506 | Lair:6   | Got a fine falchion
 24507 | Lair:6   | Identified the +10 falchion of Piffor {freeze, rF+ Int+6} (You found it on level 6 of the Lair of Beasts)
 25051 | D:12     | Found a stormy altar of Qazlal.
 25498 | D:12     | Got a faintly humming scale mail
 25499 | D:12     | Identified the cursed +0 scale mail of Midsummer {Int+4} (You found it on level 12 of the Dungeon)
 26536 | D:13     | Reached XP level 15. HP: 123/123 MP: 15/15
 26900 | D:14     | Found a gate to the Vaults.
 26900 | D:14     | Noticed Urug
 27755 | D:15     | Entered Level 15 of the Dungeon
 28293 | Orc:1    | Entered Level 1 of the Orcish Mines
 28587 | Orc:2    | Entered Level 2 of the Orcish Mines
 28665 | Orc:2    | Noticed Zleub's ghost (journeyman DrSk)
 28775 | Orc:2    | Killed Zleub's ghost
 29038 | Orc:2    | Noticed PipsiMox's ghost (novice GnWr)
 29078 | Orc:2    | Killed PipsiMox's ghost
 30429 | Orc:2    | Found Saff's Assorted Antiques.
 30486 | Orc:2    | Bought a scroll labeled JODUONA QUFFA for 29 gold pieces
 30486 | Orc:2    | Bought a scroll labeled JODUONA QUFFA for 29 gold pieces
 30486 | Orc:2    | Bought a scroll of identify for 58 gold pieces
 30501 | Orc:2    | Found Qelor's Assorted Antiques.
 30549 | Orc:2    | Found a roughly hewn altar of Beogh.
 30958 | Orc:2    | Noticed an orc warlord
 30990 | Orc:2    | Killed an orc warlord
 31440 | Orc:2    | Found a roughly hewn altar of Beogh.
 31471 | Orc:2    | Found Peemed's Distillery.
 31532 | Orc:2    | Bought a potion of might for 40 gold pieces
 31532 | Orc:2    | Bought a potion of mutation for 80 gold pieces
 31532 | Orc:2    | Bought 3 potions of curing for 90 gold pieces
 31532 | Orc:2    | Bought a potion of mutation for 80 gold pieces
 31532 | Orc:2    | Bought a potion of curing for 30 gold pieces
 31532 | Orc:2    | Lost mutation: You have an increased reservoir of magic. (+10% MP) [potion of mutation]
 31532 | Orc:2    | Lost mutation: You are dopey. (Int -2) [potion of mutation]
 31532 | Orc:2    | Lost mutation: Your flesh is heat resistant. (rF+) [potion of mutation]
 31532 | Orc:2    | Gained mutation: Scrolls take you a little longer to read. [potion of mutation]
 31532 | Orc:2    | Gained mutation: You are clumsy. (Dex -2) [potion of mutation]
 31532 | Orc:2    | Gained mutation: You have a pair of large horns on your head. [potion of mutation]
 31533 | Orc:2    | Lost mutation: Scrolls take you a little longer to read. [potion of mutation]
 31533 | Orc:2    | Lost mutation: You are clumsy. (Dex -2) [potion of mutation]
 31533 | Orc:2    | Lost mutation: You have a pair of large horns on your head. [potion of mutation]
 31533 | Orc:2    | Lost mutation: Your movements are slightly less encumbered by armour. (ER -2) [potion of mutation]
 31533 | Orc:2    | Gained mutation: You have supernaturally acute eyesight. (SInv) [potion of mutation]
 31533 | Orc:2    | Gained mutation: Your flesh is cold resistant. (rC+) [potion of mutation]
 31729 | Orc:2    | Found Tiggu's General Store.
 31860 | Orc:2    | Bought the +9 scimitar "Cubun" {drain, *Rage rPois Str+4} for 1045 gold pieces
 31968 | Orc:2    | Found a staircase to the Elven Halls.
 32376 | D:11     | Bought a scroll of teleportation for 45 gold pieces
 32430 | Snake:1  | Entered Level 1 of the Snake Pit
 32460 | Snake:1  | Reached skill level 15 in Armour
 32482 | Snake:1  | Reached XP level 16. HP: 132/132 MP: 15/15
 32763 | Snake:1  | Reached skill level 15 in Fighting
 33574 | Snake:1  | Reached skill level 10 in Long Blades
 33600 | Snake:1  | Got a dazzling flail
 33601 | Snake:1  | Identified the +8 flail "Dorrugov" {crush, rN++} (You found it on level 1 of the Snake Pit)
 33838 | Snake:2  | Reached skill level 15 in Shields
 34416 | Snake:2  | Found Mubiv's Magic Scroll Shop.
 35245 | Snake:3  | Got a heavily runed scale mail
 35246 | Snake:3  | Identified the cursed +0 scale mail of Xom's Regard {*Contam rPois rN++ Int+3} (You found it on level 3 of the Snake Pit)
 35979 | Snake:3  | Reached XP level 17. HP: 142/142 MP: 16/16
 36540 | D:11     | You paid a toll of 13 scrolls of teleportation to enter a treasure trove
 36541 | Trove    | Entered a treasure trove
 36561 | Trove    | Got a steaming ruby amulet
 36567 | Trove    | Identified the amulet "Zeint" {+Rage Dex+6} (You found it in a treasure trove)
 36610 | Trove    | Reached XP level 18. HP: 150/150 MP: 16/18
 36611 | Trove    | Reached XP level 19. HP: 155/155 MP: 16/21
 36789 | Swamp:1  | Entered Level 1 of the Swamp
 37041 | Swamp:1  | Identified the Compendium of Burning Hexes
 37894 | Swamp:2  | Noticed Jorgrun
 37906 | Swamp:2  | Killed Jorgrun
 37944 | Swamp:2  | Noticed Aizul
 37975 | Swamp:2  | Killed Aizul
 38159 | Swamp:2  | Found a runed door.
 38210 | Swamp:2  | Got a brightly glowing leather armour
 38211 | Swamp:2  | Identified the +4 leather armour of the Robin {+Blink +Fly MR+++ Slay-4} (You found it on level 2 of the Swamp)
 38512 | Swamp:2  | Got a sparkling iron amulet
 38517 | Swamp:2  | Learned a level 1 spell: Apportation
 38693 | Swamp:2  | Found a shimmering altar of Xom.
 39224 | Swamp:2  | Reached skill level 15 in Dodging
 39702 | Swamp:3  | Found a frozen archway.
 39710 | IceCv    | Entered an ice cave
 39831 | IceCv    | Got a crude mace
 39832 | IceCv    | Identified the +1 mace of Sin {crush, rElec rN+++ MR-} (You found it in an ice cave)
 41242 | Swamp:4  | Entered Level 4 of the Swamp
 41404 | Swamp:4  | Reached skill level 10 in Maces & Flails
 41969 | Swamp:4  | Got a decaying rune of Zot
 42592 | Lair:1   | Identified the amulet of Noigits {rElec Regen+ Dex-2 SInv} (You acquired it on level 2 of the Swamp)
 42667 | Snake:4  | Entered Level 4 of the Snake Pit
 42667 | Snake:4  | Found a bloodstained altar of Trog.
 43248 | Snake:4  | Reached XP level 20. HP: 144/165 MP: 22/22
 43535 | Snake:4  | Got a serpentine rune of Zot
 43901 | Elf:1    | Entered Level 1 of the Elven Halls
 45153 | Elf:1    | Got a fine leather armour
 45154 | Elf:1    | Identified the +2 leather armour of Vehumet's Benevolence {+Inv Dex+5} (You found it on level 1 of the Elven Halls)
 45361 | Elf:2    | Got a sapphire flail {freeze}
 45362 | Elf:2    | Identified the cursed +1 flail "Miyamura's Death" {freeze, Str+6} (You took it off a deep elf death mage on level 2 of the Elven Halls)
 45416 | Elf:2    | Found a ruined gateway.
 45516 | Desolati | Entered the Desolation of Salt
 45835 | Desolati | Got a shimmering copper ring
 45836 | Desolati | Identified the ring "Cumiarue" {rF+ EV+4 Str+2 Int+3 Stlth+} (You found it in the Desolation of Salt)
 46061 | Desolati | Identified the Disquisition on Poisonous Battle Magic
 46064 | Desolati | Got a fine jade amulet
 46105 | Desolati | Got a transparent ring mail
 46116 | Desolati | Identified the +3 ring mail "Xumethu" {rElec Str+4} (You found it in the Desolation of Salt)
 46161 | Desolati | Got a transparent golden ring
 46163 | Desolati | Identified the ring "Cimus" {rF+ rC+ Stlth-} (You found it in the Desolation of Salt)
 46166 | Desolati | Identified the amulet of Fedhas's Supremacy {Reflect +Blink Slay-5 SH+3 Stlth+} (You found it in the Desolation of Salt)
 46460 | Desolati | Found the +4 moon troll leather armour {Spirit, Regen++ MP+5}
 46472 | Desolati | Got a steaming plate armour
 46483 | Desolati | Identified the +5 plate armour of Zuaqiemn {Int+2 Dex+3} (You found it in the Desolation of Salt)
 47105 | Elf:2    | Reached XP level 21. HP: 175/175 MP: 23/23
 47477 | Elf:2    | Found a runed gate.
 47477 | Elf:2    | Found a runed gate.
 47477 | Elf:2    | Found a runed gate.
 47595 | Elf:2    | Identified Sif Muna's Catalogue of Battle Magic
 47724 | Elf:2    | Noticed Saint Roka
 47975 | Elf:2    | Killed Saint Roka
 48464 | Elf:3    | Entered Level 3 of the Elven Halls
 48473 | Elf:3    | Found Xaisas's Assorted Antiques.
 48729 | Elf:3    | Bought a pitted demon blade for 600 gold pieces
 48729 | Elf:3    | Identified the +2 demon blade of Bloodstone {flame, *Slow rPois Int+4 SInv} (You bought it in a shop on level 3 of the Elven Halls)
 50417 | Elf:3    | Identified the Catalogue of Curses
 50431 | Elf:3    | Identified the Incunabulum of Beguiling and the Snowflakes
 50452 | Elf:3    | Got a crude chain mail
 50463 | Elf:3    | Identified the +8 chain mail of the Empire {rN+++ MR- rCorr Dex+4} (You took it off a deep elf high priest on level 3 of the Elven Halls)
 50559 | Elf:3    | Identified the Almanac of Blistering Transmutation
 51135 | D:15     | Found a staircase to the Depths.
 51542 | Depths:1 | Entered Level 1 of the Depths
 51819 | Depths:1 | Found a gateway to Hell.
 51871 | Depths:1 | Noticed Louise
 51905 | Depths:1 | Found a one-way gate to the infinite horrors of the Abyss.
 51930 | Depths:1 | Killed Louise
 51970 | Depths:1 | Reached XP level 22. HP: 175/185 MP: 24/24
 52051 | Depths:1 | Found a magical portal.
 52061 | WizLab   | Entered The Chambers of the Cloud Mage
 52626 | WizLab   | Identified Ynaruraw's Disquisition on Evil Rituals and Blows and Bruises
 52635 | WizLab   | Got a glittering lead ring
 52636 | WizLab   | Identified the ring of Traps {+Fly rN+ Dex+3} (You found it in a wizard's laboratory)
 52640 | WizLab   | Got a steaming pewter ring
 52641 | WizLab   | Identified the ring "Vumy" {rF+ Dex+3 Stlth+} (You found it in a wizard's laboratory)
 52652 | WizLab   | Identified Visaomey's Papyrus of Lightness
 52847 | Depths:1 | Noticed a golden dragon
 52887 | Depths:1 | Killed a golden dragon
 52921 | Depths:1 | Got a faintly glowing triple sword
 52922 | Depths:1 | Identified the +4 triple sword "Kighyfac" {slice, rPois MR+ Int+4} (You found it on level 1 of the Depths)
 53125 | Depths:1 | Found a one-way gate leading to the halls of Pandemonium.
 53247 | Depths:1 | Found a sacrificial altar of Ru.
 53964 | Depths:2 | Reached skill level 15 in Maces & Flails
 54094 | Depths:2 | Found a transporter.
 54095 | Depths:2 | Found a radiant altar of Vehumet.
 54378 | Depths:2 | Paralysed by a floating eye for 4 turns
 55289 | Depths:2 | Got a warped jade ring
 55290 | Depths:2 | Identified the ring "Buxuf" {MR- MP+9 Int+5} (You found it on level 2 of the Depths)
 55306 | Depths:2 | Found a transporter.
 56008 | Depths:3 | Reached XP level 23. HP: 194/195 MP: 25/25
 56142 | Depths:3 | Found Qiacy's General Store.
 56142 | Depths:3 | Found Igruof's Weapon Shop.
 56147 | Depths:3 | Found Ugieg's Magic Scroll Boutique.
 56150 | Depths:3 | Bought 2 potions of curing for 120 gold pieces
 56150 | Depths:3 | Bought a potion of curing for 60 gold pieces
 56191 | Depths:3 | Bought a scroll of acquirement for 832 gold pieces
 57347 | Snake:2  | Bought a scroll of acquirement for 780 gold pieces
 57936 | Depths:4 | Found a gateway to a ziggurat.
 58346 | Depths:4 | Found Yxaiw's Jewellery Shoppe.
 58575 | Depths:4 | Got a polished demon whip {drain}
 58576 | Depths:4 | Identified the +3 demon whip of Ocylasu {drain, rPois Str-2 Int+5} (You took it off a yaktaur captain on level 4 of the Depths)
 59275 | Depths:4 | Noticed a greater mummy
 59300 | Depths:4 | Killed a greater mummy
 59461 | Depths:4 | Got a dazzling long sword
 59462 | Depths:4 | Identified the +8 long sword of Eternity {slice, Dex+4} (You found it on level 4 of the Depths)
 59802 | Depths:4 | Found the amulet of Vitality {Regen+ HP+15}
 59802 | Depths:4 | Noticed a greater mummy
 59832 | Depths:4 | Killed a greater mummy
 60167 | Depths:5 | Entered Level 5 of the Depths
 60167 | Depths:5 | Noticed a caustic shrike
 60169 | Depths:5 | Noticed a caustic shrike
 60622 | Depths:5 | Found a sparkling altar of Nemelex Xobeh.
 60627 | Depths:5 | Got an encrusted chain mail
 60644 | Depths:5 | Identified the +4 chain mail of Godul {MR+} (You found it on level 5 of the Depths)
 60998 | Depths:5 | Paralysed by a floating eye for 2 turns
 61009 | Depths:5 | Paralysed by a floating eye for 2 turns
 61037 | Depths:5 | Reached XP level 24. HP: 205/205 MP: 25/25
 61126 | Depths:5 | Found Vikonih's Antique Armour Shoppe.
 61126 | Depths:5 | Found Awidgh's Gadget Emporium.
 61307 | Depths:5 | Found a gate to the Realm of Zot.
 61743 | Depths:5 | Noticed a juggernaut
 61764 | Depths:5 | Killed a juggernaut
 62153 | Vaults:1 | Entered Level 1 of the Vaults
 64465 | Vaults:2 | Found a staircase to the Crypt.
 65511 | Vaults:3 | Reached XP level 25. HP: 214/214 MP: 25/25
 67637 | Vaults:5 | Entered Level 5 of the Vaults
 67654 | Vaults:5 | Noticed an ancient lich
 68131 | Vaults:5 | Noticed theElss's ghost (master GrBe)
 68168 | Vaults:5 | Killed an ancient lich
 68366 | Vaults:5 | Killed theElss's ghost
 69400 | Vaults:5 | Reached XP level 26. HP: 220/225 MP: 25/25
 69847 | Vaults:5 | Got a silver rune of Zot
 71478 | Slime:1  | Entered Level 1 of the Pits of Slime
 71497 | Slime:2  | Gained mutation: You are partially covered in icy blue scales. (AC +2) [a shining eye]
 72095 | Slime:4  | Gained mutation: You do not regenerate when monsters are visible. [a shining eye]
 72161 | Slime:5  | Entered Level 5 of the Pits of Slime
 72245 | Slime:5  | Gained mutation: Your body sometimes deteriorates upon taking damage. [a shining eye]
 72374 | Slime:4  | Gained mutation: You are weak. (Str -2) [a shining eye]
 72992 | Slime:5  | Noticed the Royal Jelly
 74317 | Slime:5  | Killed the Royal Jelly
 74567 | Slime:5  | Got a slimy rune of Zot
 74580 | Slime:5  | Identified the Collected Works on Fiery Hexes
 74641 | Slime:5  | Got a fine arbalest
 74642 | Slime:5  | Identified the +4 arbalest "Concordance" {elec, rElec Str+6} (You found it on level 5 of the Pits of Slime)
 74653 | Slime:5  | Got a slimy platinum ring
 74659 | Slime:5  | Got a dazzling great sword
 74660 | Slime:5  | Identified the +2 great sword "Ethaoblu" {protect, +Fly} (You found it on level 5 of the Pits of Slime)
 74662 | Slime:5  | Identified the cursed ring "Eroilos" {rElec MR++ Str+2 Dex+4 Slay-2} (You found it on level 5 of the Pits of Slime)
 74681 | Slime:5  | Lost mutation: Your body sometimes deteriorates upon taking damage. [potion of mutation]
 74681 | Slime:5  | Lost mutation: You are weak. (Str -2) [potion of mutation]
 74681 | Slime:5  | Lost mutation: Your flesh is cold resistant. (rC+) [potion of mutation]
 74681 | Slime:5  | Gained mutation: You are dopey. (Int -2) [potion of mutation]
 74681 | Slime:5  | Gained mutation: Your skin changes colour to match your surroundings (Stealth+). [potion of mutation]
 74682 | Slime:5  | Lost mutation: You are partially covered in thin metallic scales. (AC +2) [potion of mutation]
 74682 | Slime:5  | Lost mutation: You are dopey. (Int -2) [potion of mutation]
 74682 | Slime:5  | Lost mutation: You have supernaturally acute eyesight. (SInv) [potion of mutation]
 74682 | Slime:5  | Lost mutation: You are partially covered in icy blue scales. (AC +2) [potion of mutation]
 74682 | Slime:5  | Gained mutation: You are partially covered in slimy green scales. (AC +2) [potion of mutation]
 74682 | Slime:5  | Gained mutation: Your spells are a little easier to cast, but a little less powerful. [potion of mutation]
 74682 | Slime:5  | Gained mutation: You passively map a small area around you. [potion of mutation]
 74682 | Slime:5  | Gained mutation: You have large cloven feet. [potion of mutation]
 74683 | Slime:5  | Lost mutation: You have large cloven feet. [potion of mutation]
 74683 | Slime:5  | Lost mutation: Your spells are a little easier to cast, but a little less powerful. [potion of mutation]
 74683 | Slime:5  | Lost mutation: You do not regenerate when monsters are visible. [potion of mutation]
 74683 | Slime:5  | Lost mutation: You passively map a small area around you. [potion of mutation]
 74683 | Slime:5  | Gained mutation: You are agile. (Dex +2) [potion of mutation]
 74683 | Slime:5  | Gained mutation: Your mind is acute. (Int +2) [potion of mutation]
 74683 | Slime:5  | Gained mutation: You are resistant to electric shocks. (rElec) [potion of mutation]
 75130 | Zot:1    | Entered Level 1 of the Realm of Zot
 75878 | Zot:1    | Reached XP level 27. HP: 226/234 MP: 25/25
 79731 | Zot:3    | Reached skill level 5 in Invocations
 79732 | Zot:3    | Noticed an orb of fire
 79762 | Zot:3    | Lost mutation: You are agile. (Dex +2) [an orb of fire]
 79775 | Zot:3    | Gained mutation: You are frail. (-10% HP) [an orb of fire]
 79776 | Zot:3    | Gained mutation: You tend to lose your temper in combat. [an orb of fire]
 79970 | Zot:3    | Lost mutation: Your mind is acute. (Int +2) [an orb of fire]
 79973 | Zot:3    | Gained mutation: You can translocate small distances at will. [an orb of fire]
 79976 | Zot:3    | Gained mutation: Armour fits poorly on your strangely shaped body. [an orb of fire]
 79986 | Zot:3    | Gained mutation: You are occasionally teleported next to monsters. [an orb of fire]
 79993 | Zot:3    | Gained mutation: Your body sometimes deteriorates upon taking damage. [an orb of fire]
 80001 | Zot:3    | Gained mutation: You do not regenerate when monsters are visible. [an orb of fire]
 80002 | Zot:3    | Killed an orb of fire
 81005 | Zot:4    | Reached skill level 10 in Invocations
 82413 | Zot:5    | Entered Level 5 of the Realm of Zot
 82598 | Zot:5    | Lost mutation: Your body sometimes deteriorates upon taking damage. [potion of mutation]
 82598 | Zot:5    | Lost mutation: You are frail. (-10% HP) [potion of mutation]
 82598 | Zot:5    | Gained mutation: You often lose your temper in combat. [potion of mutation]
 82598 | Zot:5    | Lost mutation: You often lose your temper in combat. [potion of mutation]
 82598 | Zot:5    | Gained mutation: Your muscles are strong. (Str +2) [potion of mutation]
 82599 | Zot:5    | Lost mutation: Armour fits poorly on your strangely shaped body. [potion of mutation]
 82599 | Zot:5    | Lost mutation: You do not regenerate when monsters are visible. [potion of mutation]
 82599 | Zot:5    | Lost mutation: Your muscles are strong. (Str +2) [potion of mutation]
 82599 | Zot:5    | Gained mutation: Your muscles are strong. (Str +2) [potion of mutation]
 83223 | Zot:5    | Noticed an orb of fire
 83229 | Zot:5    | Lost mutation: Your muscles are strong. (Str +2) [an orb of fire]
 83231 | Zot:5    | Gained mutation: Your body sometimes deteriorates upon taking damage. [an orb of fire]
 83247 | Zot:5    | Killed an orb of fire
 83280 | Zot:5    | Noticed an ancient lich
 83295 | Zot:5    | Killed an ancient lich
 83345 | Zot:5    | Reached skill level 15 in Invocations
 83405 | Zot:5    | Noticed an orb of fire
 83454 | Zot:5    | Killed an orb of fire
 83524 | Zot:5    | Noticed an ancient lich
 83557 | Zot:5    | Killed an ancient lich
 83606 | Zot:5    | Noticed an orb of fire
 83613 | Zot:5    | Killed from afar by an orb of fire

Skill      XL: |  1  2  3  4  5  6  7  8  9 10 11 12 13 14 15 16 17 18 19 20 21 22 23 24 25 26 27 |
---------------+----------------------------------------------------------------------------------+-----
Dodging        | 1 2 3 4 5 6 8 9 10 11 12 13 14 15 16 17 18 19 20 21 22 | 22.5
Armour         | 4 5 6 7 8 9 11 12 13 14 15 16 17 18 19 20 21 22 23 24 | 24.2
Fighting       | 3 4 5 6 8 9 10 11 12 13 14 15 16 17 18 19 20 21 22 23 24 | 24.4
Maces & Flails | 1 3 4 5 7 8 10 12 14 15 17 18 19 20 21 | 21.3
Shields        | 2 3 4 6 7 9 10 11 12 13 14 15 16 17 18 19 20 21 22 23 24 | 24.1
Long Blades    | 2 5 6 9 11 | 11.2
Crossbows      | 1 7 9 11 | 11.4
Invocations    | 2 4 16 | 16.2
Evocations     | 2 3 |  3.9
Axes           | |  1.2
Bows           | |  2.8
Stealth        | |  1.0

Action                   |  1- 3 |  4- 6 |  7- 9 | 10-12 | 13-15 | 16-18 | 19-21 | 22-24 | 25-27 || total
-------------------------+-------+-------+-------+-------+-------+-------+-------+-------+-------++-------
Melee: Whip              |    30 |   216 |   338 |   335 |       |       |  2367 |  3203 |  3338 ||  9827
       Headbutt          |     3 |    33 |    65 |   109 |   252 |   112 |   794 |  1052 |  1477 ||  3897
       Long sword        |       |       |       |   128 |       |       |       |       |       ||   128
       Falchion          |       |       |       |       |   969 |       |       |       |   127 ||  1096
       Scimitar          |       |       |       |       |    75 |   406 |   460 |       |       ||   941
 Fire: Shortbow          |    95 |       |       |       |       |       |       |       |       ||    95
       Hand crossbow     |       |       |       |   257 |   538 |       |    31 |       |     5 ||   831
Throw: Tomahawk          |       |    11 |       |       |       |       |       |       |       ||    11
Invok: Recall Ancestor   |       |       |       |     8 |     3 |       |       |     1 |    20 ||    32
       Ancestor Life: He |       |       |       |     1 |       |       |       |       |       ||     1
       Transference      |       |       |       |       |       |       |       |       |     1 ||     1
       Idealise          |       |       |       |       |       |       |       |       |     3 ||     3
Evoke: Wand              |       |       |     6 |    21 |     2 |     2 |     1 |     4 |    27 ||    63
       Phantom mirror    |       |       |       |       |       |       |       |       |     1 ||     1
  Use: Potion            |       |     7 |     3 |     9 |     7 |     5 |    12 |    11 |    19 ||    73
       Scroll            |       |       |    17 |    11 |    26 |     7 |    25 |    20 |    27 ||   133
 Stab: Invisible         |       |       |     5 |       |       |       |       |     3 |       ||     8
       Distracted        |       |       |     1 |     2 |     9 |     2 |    14 |     8 |    35 ||    71
       Paralysed         |       |       |       |    11 |    21 |    13 |    89 |    97 |   150 ||   381
       Confused          |       |       |       |     1 |     5 |       |    75 |   144 |   128 ||   353
       Sleeping          |       |       |       |       |       |       |       |       |     2 ||     2
  Eat: Chunk             |     2 |     9 |    14 |    26 |    37 |     1 |    35 |    41 |    25 ||   190
       Ration            |       |       |       |     2 |     2 |     4 |     5 |     2 |    10 ||    25
Armor: Scale mail        |    28 |    87 |    98 |   144 |    43 |       |       |       |       ||   400
       Skin              |       |    51 |       |    24 |       |       |       |    37 |       ||   112
       Chain mail        |       |       |       |       |   280 |   130 |   624 |   433 |   426 ||  1893
Dodge: Dodged            |    23 |    37 |    53 |   159 |   305 |   115 |   562 |   569 |   900 ||  2723
Block: Large shield      |     5 |   174 |   237 |   578 |  1357 |   632 |  2388 |  2297 |  2655 || 10323
       Buckler           |     4 |       |       |       |       |       |       |       |       ||     4
       Reflection        |       |       |       |     9 |    57 |    81 |     9 |       |       ||   156
       Rpst.: Long sword |       |       |       |    10 |       |       |       |       |       ||    10
       Falchion          |       |       |       |       |    50 |       |       |       |     8 ||    58
       Scimitar          |       |       |       |       |     2 |    23 |    39 |       |       ||    64
